 Dungeon Crawl Stone Soup version 0.27-a0-1154-gfdeffcb720 (webtiles) character file.

Game seed: 11356431440050938839

242570 freelancePsychic the Deadly Accurate (level 18, -13/185 HPs)
             Began as a Troll Fighter on May 14, 2021.
             Was the Champion of Okawaru.
             Mangled by a merfolk
             ... wielding a +0 glaive
              (16 damage)
             ... on level 4 of the Shoals.
             The game lasted 01:58:13 (31297 turns).

freelancePsychic the Deadly Accurate (TrFi)        Turns: 31297, Time: 01:58:14

Health: -13/185    AC: 15    Str: 35    XL:     18   Next: 68%
Magic:  20/20      EV:  7    Int:  4    God:    Okawaru [******]
Gold:   2126       SH:  0    Dex: 11    Spells: 17/17 levels left

rFire    + + +     SeeInvis +     - Unarmed
rCold    + + +     Faith    +   U - +4 tower shield {AC+3}
rNeg     + . .     Spirit   .   s - +4 skin of Zhor {*Englaciate rC+++ SInv}
rPois    .         Reflect  .   d - +2 hat {Stlth+}
rElec    +         Harm     .   o - +1 cloak {rCorr}
rCorr    +         Rampage  .   (gloves unavailable)
Will     +++..                  (boots unavailable)
Stlth    ++........             H - amulet "Eladoh" {Faith rElec Str+2 Dex+2}
HPRegen  1.40/turn              l - ring of Psychosis {rC- rN+ Will++ Slay+3 SInv}
MPRegen  0.17/turn              n - ring of Harmony {rElec rF+++ rC+ rCorr Str-2}

@: held, studying Translocations
A: large, unfitting armour, claws 3, regeneration 1, shaggy fur 1, tough skin 1
}: 2/15 runes: serpentine, barnacled
a: Renounce Religion, Heroism, Finesse


You were on level 4 of the Shoals.
You worshipped Okawaru.
Okawaru was exalted by your worship.
You visited 6 branches of the dungeon, and saw 32 of its levels.
You also visited: Sewer, Gauntlet and Volcano.

You collected 4772 gold pieces.
You spent 2646 gold pieces at shops.

Inventory:

Hand Weapons
 a - the +6 quick blade "Vefasmih" {vamp, rElec rPois rF+ Stlth-}
   (Okawaru gifted it to you on level 6 of the Lair of Beasts)

   It inflicts no extra harm, but heals its wielder when it wounds a living foe.
   It protects you from fire.
   It insulates you from electricity.
   It protects you from poison.
   It makes you less stealthy.
Missiles
 t - 8 large rocks (quivered)
 v - 9 throwing nets
 x - 82 poisoned darts
 G - 31 silver javelins
 I - 7 datura-tipped darts
 L - 6 curare-tipped darts
 O - 3 atropa-tipped darts
 R - 25 javelins
Armour
 d - a +2 hat of stealth (worn)
 o - a +1 cloak of preservation (worn)
 s - the +4 skin of Zhor (worn) {*Englaciate rC+++ SInv}
   (You bought it in a shop on level 2 of the Dungeon)

   It renders you almost immune to cold.
   It lets you see invisible.
 u - a +0 hat of willpower
 S - a +0 robe of willpower
 U - a +4 tower shield of protection (worn)
Jewellery
 l - the ring of Psychosis (left claw) {rC- rN+ Will++ Slay+3 SInv}
   (You found it on level 7 of the Dungeon)

   [ring of positive energy]

   It affects your accuracy and damage with ranged weapons and melee attacks
   (+3).
   It makes you vulnerable to cold.
   It protects you from negative energy.
   It lets you see invisible.
   It greatly increases your willpower.
 n - the ring of Harmony (right claw) {rElec rF+++ rC+ rCorr Str-2}
   (You bought it in a shop on level 2 of the Orcish Mines)

   [ring of resist corrosion]

   It affects your strength (-2).
   It renders you almost immune to fire.
   It protects you from cold.
   It insulates you from electricity.
   It protects you from acid and corrosion.
 y - a ring of positive energy
 H - the amulet "Eladoh" (around neck) {Faith rElec Str+2 Dex+2}
   (You acquired it on level 2 of the Snake Pit)

   [amulet of faith]

   It allows you to gain divine favour quickly.
   It affects your strength (+2).
   It affects your dexterity (+2).
   It insulates you from electricity.
 J - an amulet of the acrobat
 W - a +4 ring of protection
Wands
 m - a wand of flame (51)
 q - a wand of acid (42)
 K - a wand of digging (10)
Scrolls
 b - 3 scrolls of fear
 j - 2 scrolls of torment
 k - 3 scrolls of identify {@r1}
 p - 9 scrolls of teleportation {@r4}
 w - 8 scrolls of amnesia
 A - 2 scrolls of silence
 D - 3 scrolls of immolation
 E - a scroll of brand weapon
 F - a scroll of summoning
 N - 4 scrolls of fog
 X - a scroll of enchant armour
 Z - 2 scrolls of holy word
Potions
 c - 12 potions of might
 e - 3 potions of mutation
 f - a potion of ambrosia {unknown}
 g - 5 potions of curing {@q1}
 h - a potion of invisibility
 i - 4 potions of lignification
 r - 2 potions of magic
 z - 4 potions of attraction
 B - 2 potions of haste {@q3}
 C - 2 potions of resistance
 M - 5 potions of berserk rage
 P - a potion of cancellation
 Q - 6 potions of flight


   Skills:
 + Level 13.0 Fighting
 + Level 17.8 Throwing
 + Level 10.3 Dodging
 - Level 15.0 Shields
 - Level 10.0 Unarmed Combat
 - Level 5.0 Invocations


You had 17 spell levels left.
You didn't know any spells.
Your spell library contained the following spells:

 Spells                   Type           Power      Damage    Failure   Level
 Animate Skeleton         Necr           0%         N/A       50%         1
 Apportation              Tloc           0%         N/A       50%         1
 Beastly Appendage        Tmut           0%         N/A       50%         1
 Corona                   Hex            0%         N/A       50%         1
 Foxfire                  Conj/Fire      0%         2x1d4     50%         1
 Freeze                   Ice            0%         1d3       50%         1
 Pain                     Necr           0%         1d4       50%         1
 Summon Small Mammal      Summ           0%         N/A       50%         1
 Call Imp                 Summ           0%         N/A       65%         2
 Static Discharge         Conj/Air       0%         N/A       65%         2
 Wereblood                Tmut           0%         N/A       65%         2
 Call Canine Familiar     Summ           0%         N/A       86%         3
 Confusing Touch          Hex            0%         N/A       86%         3
 Conjure Flame            Conj/Fire      0%         6-21      86%         3
 Frozen Ramparts          Ice            0%         1d2       86%         3
 Gell's Gravitas          Tloc           0%         N/A       86%         3
 Inner Flame              Hex/Fire       0%         N/A       86%         3
 Lesser Beckoning         Tloc           0%         N/A       86%         3
 Ozocubu's Armour         Ice            0%         N/A       86%         3
 Spider Form              Tmut/Pois      0%         N/A       86%         3
 Summon Guardian Golem    Hex/Summ       0%         N/A       86%         3
 Tukima's Dance           Hex            0%         N/A       86%         3
 Vampiric Draining        Necr           0%         2d6       86%         3
 Animate Dead             Necr           0%         N/A       99%         4
 Hailstorm                Conj/Ice       0%         3d3       99%         4
 Ice Form                 Ice/Tmut       0%         N/A       99%         4
 Petrify                  Tmut/Erth      0%         N/A       99%         4
 Sticky Flame             Conj/Fire      0%         2d3       99%         4
 Summon Ice Beast         Ice/Summ       0%         N/A       99%         4
 Summon Lightning Spire   Summ/Air       0%         N/A       99%         4
 Agony                    Necr           0%         N/A       100%        5
 Alistair's Intoxication  Tmut/Pois      0%         N/A       100%        5
 Fireball                 Conj/Fire      0%         3d3       100%        5
 Hydra Form               Tmut           0%         N/A       100%        5
 Lightning Bolt           Conj/Air       0%         1d11      100%        5
 Metabolic Englaciation   Hex/Ice        0%         N/A       100%        5
 Yara's Violent Unravell  Hex/Tmut       0%         3d3       100%        5
 Invisibility             Hex            0%         N/A       100%        6
 Ignition                 Fire           0%         3d3       100%        8
 Shatter                  Erth           0%         3d5*      100%        9
 Tornado                  Air            0%         N/A       100%        9


Dungeon Overview and Level Annotations

Branches:
Dungeon (15/15)            Temple (1/1) D:4            Lair (6/6) D:11
 Shoals (4/4) Lair:4        Snake (4/4) Lair:3        Slime (0/5) Lair:6
    Orc (2/2) D:12            Elf (0/3) Orc:2        Vaults (0/5) D:13
 Depths (0/5) D:15          Sewer (visited)         Volcano (visited)
Gauntlet (visited)

Altars:
Ashenzari
Cheibriados
Dithmenos
Elyvilon
Fedhas
Gozag
Hepliaklqana
Kikubaaqudgha
Makhleb
Nemelex Xobeh
Okawaru
Qazlal
Ru
Sif Muna
Trog
Uskayaw
Vehumet
Wu Jian
Xom
Yredelemnul
Zin
The Shining One

Shops:
D:2 [   D:6 !   D:9 (   D:15 [   Orc:2 [:((=

Annotations:
D:9 1 runed translucent door, freelancePsychic's ghost, journeyman MfTm
Orc:1 1 runed translucent door, Kiel's ghost, journeyman DsFi


Innate Abilities, Weirdness & Mutations

You are too large for most types of armour.
You have claws for hands.
Your natural rate of healing is unusually fast.
You are covered in fur. (AC +1)
You have tough skin. (AC +1)


Message History

The merfolk impaler hits you from afar with a +5 demon trident of flaming!!
The merfolk impaler burns you.
The merfolk impaler hits you from afar with a +5 demon trident of flaming!
You mangle the water nymph!!
You kill the water nymph!
Okawaru accepts your kill.
The merfolk hits you from afar with a +0 glaive!
You block the merfolk's attack.
A merfolk comes into view. It is wielding a +0 trident.
You block the merfolk impaler's attack.
You are too injured to fight recklessly!
You are too injured to fight recklessly!
You are too injured to fight recklessly!
You are too injured to fight recklessly!
You block the merfolk's attack. You block the merfolk impaler's attack.
The merfolk throws a throwing net.
The throwing net hits you.
You become entangled in the net!
The merfolk impaler hits you from afar with a +5 demon trident of flaming!
The merfolk impaler burns you.
You see here a throwing net.
You struggle against the net.
The merfolk hits you but does no damage.
The merfolk impaler hits you from afar with a +5 demon trident of flaming!!
The merfolk impaler burns you.
You struggle against the net.
The merfolk impaler hits you from afar with a +5 demon trident of flaming!!
The merfolk impaler burns you.
The merfolk hits you from afar with a +0 glaive!
* * * LOW HITPOINT WARNING * * *
The merfolk hits you from afar with a +0 trident.
* * * LOW HITPOINT WARNING * * *
The merfolk hits you from afar with a +0 glaive!!
* * * LOW HITPOINT WARNING * * *
The merfolk impaler hits you from afar with a +5 demon trident of flaming!!
* * * LOW HITPOINT WARNING * * *
The merfolk impaler burns you.
* * * LOW HITPOINT WARNING * * *
You struggle against the net.
The merfolk hits you from afar with a +0 glaive!
You die...

≈≈≈≈≈≈,***≈≈,≈≈,*,,,,,≈≈≈≈≈≈≈≈≈≈≈
≈≈≈≈≈≈,**≈,≈≈≈≈,*,.....≈≈≈≈≈≈≈≈≈≈
≈≈≈≈,,,**≈≈*≈#≈**#.....≈≈≈≈≈≈≈≈≈≈
,,,,,,,,**≈.,≈≈#*#.....≈≈≈≈≈≈≈≈≈≈
,,,,<,,**#.#≈#≈.*≈......≈≈≈≈≈≈≈≈≈
,,,,,,,**...≈...*#m.....≈≈≈≈≈≈≈≈≈
,,,,,,,***,*#≈.m##m.....≈≈≈≈≈≈≈≈≈
,,,,,,,,,***####..m.....≈≈≈≈≈≈≈≈≈
,,,,,,,,,**##≈≈#@.m.....≈≈≈≈≈≈≈≈≈
,,,,,,,,,....≈≈.........≈≈≈≈≈≈≈≈≈
,,,,,,..................≈≈≈≈≈≈≈≈≈
,,,,,<..................≈≈≈≈≈≈≈≈≈
,,,,....................≈≈≈≈≈≈≈≈≈
,,,.................†..≈≈≈≈≈≈≈≈≈≈
,,,....≈≈.......[......≈≈≈≈≈≈≈≈≈≈
,,,../≈≈≈..}..........≈≈≈≈≈≈≈≈≈≈≈
*≈*..≈≈≈≈≈≈≈≈≈≈≈...≈≈≈≈≈≈≈≈≈≈≈≈≈≈


You could see a merfolk impaler and 4 merfolk.

Vanquished Creatures
  A tengu reaver (D:12)
  3 nagarajas (Snake:4)
  Aizul (Snake:1)
  A minotaur (Gauntlet)
  2 merfolk javelineers (Shoals:4)
  2 ettins (D:12)
  Josephine (D:11)
  A rakshasa (D:14)
  11 merfolk impalers
  A fire dragon (D:15)
  A great orb of eyes (D:12)
  A boulder beetle (D:14)
  14 naga warriors
  An ice dragon (D:15)
  3 salamander tyrants (Snake:4)
  13 hydras
  3 centaur warriors
  8 anacondas
  A catoblepas (Shoals:2)
  2 death knights (D:13)
  8 merfolk avatars
  10 two-headed ogres
  3 death yaks (Gauntlet)
  8 merfolk aquamancers
  3 satyrs
  A tengu warrior (D:12)
  3 orc high priests (Orc:2)
  A hell hog (Volcano)
  4 shock serpents
  12 naga sharpshooters
  Sonja (D:10)
  2 fire crabs
  4 salamander mystics (Snake:4)
  15 sea snakes
  A skeletal warrior (D:13)
  A kraken simulacrum (Shoals:4)
  A wizard (D:13)
  Pikel (D:7)
  8 naga ritualists
  2 phantasmal warriors (D:13)
  18 harpies
  7 orc knights
  3 deep elf pyromancers
  10 mana vipers
  An oklob plant (Gauntlet)
  6 orc sorcerers
  21 fauns
  2 necromancers
  10 manticores
  14 ugly things
  6 cyclopes
  15 salamanders
  31 black mambas
  28 naga magi
  5 guardian serpents
  A molten gargoyle (Volcano)
  5 water nymphs
  10 merfolk sirens
  2 gargoyles
  An unseen horror (D:11)
  16 komodo dragons
  23 cane toads
  2 freezing wraiths
  2 kobold demonologists
  5 rime drakes
  2 efreet
  2 tengu conjurers
  3 hornets (Gauntlet)
  3 meliai (D:14)
  28 merfolk
  3 wind drakes
  6 polar bears
  8 trolls
  3 tyrant leeches (Lair:6)
  14 dream sheep
  Grinder (D:3)
  10 snapping turtles
  17 slime creatures
  27 blink frogs
  A meliai zombie (D:10)
  A vampire (D:12)
  4 wraiths
  12 water elementals
  A shadow (D:9)
  42 yaks
  3 wyverns
  6 fire bats
  8 basilisks
  Grum (D:9)
  2 steam dragons
  Edmund (D:5)
  Menkaure (D:6)
  8 vampire mosquitoes
  5 wargs
  36 nagas
  4 acid dragons
  2 hell hounds (Volcano)
  9 water moccasins
  22 orc warriors
  Duvessa (D:6)
  2 black bears
  An ice beast (D:7)
  A swamp drake (D:12)
  7 ogres
  2 sky beasts
  2 necrophages
  A tengu (shapeshifter) (D:15)
  18 wolves
  6 centaurs
  A lemure (D:7)
  2 kobold brigands (D:10)
  A phantom (D:6)
  24 bullfrogs
  3 scorpions
  Dowan (D:6)
  A gnoll sergeant (D:10)
  A water moccasin zombie (D:5)
  A wyvern skeleton (D:7)
  7 killer bees
  7 electric eels
  14 wights
  3 howler monkeys
  6 lava snakes (Volcano)
  2 centaur zombies
  A bullfrog zombie (D:7)
  25 orc priests
  3 jellies
  Crazy Yiuf (D:3)
  2 hounds (D:6)
  A bullfrog skeleton (D:6)
  3 centaur skeletons
  Ijyb (D:3)
  An iguana (D:6)
  18 orc wizards
  Natasha (twice) (D:1)
  A mummy (D:7)
  A howler monkey skeleton (D:7)
  11 adders
  A white imp (D:6)
  An ufetubus (D:4)
  4 worms
  5 dart slugs
  72 orcs
  10 ball pythons
  8 bats
  15 endoplasms
  13 giant cockroaches
  2 goblins (D:1)
  15 hobgoblins
  2 jackals (D:1)
  8 quokkas
  14 frilled lizards
  17 kobolds
  3 kobold zombies (D:7)
  An orc zombie (D:7)
  8 rats
  A spectral orc (D:14)
  A tentacle (Shoals:3)
1087 creatures vanquished.

Vanquished Creatures (collateral kills)
  A nagaraja (Snake:4)
  A centaur warrior (D:15)
  A naga ritualist (Snake:4)
  4 ugly things (D:15)
  A tengu conjurer (D:15)
  3 water elementals (Shoals:1)
  A naga (Snake:4)
12 creatures vanquished.

Vanquished Creatures (others)
  A cyclops (D:9)
  A naga mage (Snake:4)
  A naga (Snake:4)
  28 fungi
  155 plants
  24 tentacles
  A withered plant (Shoals:2)
211 creatures vanquished.

Grand Total: 1310 creatures vanquished

Notes
Turn   | Place    | Note
-------+----------+-------------------------------------------
     0 | D:1      | freelancePsychic the Troll Fighter began the quest for the
                  | Orb.
     0 | D:1      | Reached XP level 1. HP: 22/22 MP: 0/0
    79 | D:1      | Reached XP level 2. HP: 27/29 MP: 1/1
   433 | D:1      | Reached XP level 3. HP: 36/36 MP: 2/2
   637 | D:1      | Found a faded altar of an unknown god.
  1087 | D:2      | Found Rutoesch's Antique Armour Shop.
  1150 | D:2      | Noticed Natasha
  1177 | D:1      | Killed Natasha
  1178 | D:1      | Reached XP level 4. HP: 35/44 MP: 3/3
  1989 | D:1      | Found a faded altar of an unknown god.
  2082 | D:1      | Noticed Natasha
  2092 | D:1      | Killed Natasha
  2690 | D:3      | Reached XP level 5. HP: 50/50 MP: 4/4
  2863 | D:3      | Noticed Ijyb
  2878 | D:3      | Killed Ijyb
  2918 | D:3      | Found a glowing silver altar of Zin.
  2924 | D:3      | Noticed Grinder
  2933 | D:3      | Killed Grinder
  2934 | D:3      | Reached skill level 5 in Unarmed Combat
  2934 | D:3      | Reached XP level 6. HP: 42/59 MP: 5/5
  3036 | D:3      | Found a runed translucent door.
  3037 | D:3      | Noticed Crazy Yiuf
  3153 | D:3      | Killed Crazy Yiuf
  3235 | D:4      | Found a staircase to the Ecumenical Temple.
  3259 | Temple   | Entered the Ecumenical Temple
  3288 | Temple   | Became a worshipper of Warmaster Okawaru
  3564 | D:4      | Reached XP level 7. HP: 64/66 MP: 6/6
  3570 | D:4      | Found a bloodstained altar of Trog.
  3718 | D:4      | Found a sacrificial altar of Ru.
  4050 | D:5      | Entered Level 5 of the Dungeon
  4072 | D:5      | Reached skill level 5 in Shields
  4074 | D:5      | Identified the +8 hand axe "Rekar" {speed, rElec Will+
                  | Stlth+}
  4153 | D:5      | Found a glowing drain.
  4184 | Sewer    | Entered a sewer
  4425 | Sewer    | Reached skill level 1 in Throwing
  4540 | D:5      | Reached * piety under Okawaru
  4541 | D:5      | Reached skill level 2 in Throwing
  4619 | D:5      | Noticed Edmund
  4632 | D:5      | Killed Edmund
  4633 | D:5      | Reached skill level 3 in Throwing
  4636 | D:5      | Reached XP level 8. HP: 37/74 MP: 5/7
  4795 | D:5      | Reached skill level 4 in Throwing
  4804 | D:5      | Found a hide-covered altar of Uskayaw.
  4937 | D:5      | Reached ** piety under Okawaru
  5227 | D:6      | Reached skill level 5 in Throwing
  5310 | D:6      | Noticed Menkaure
  5312 | D:6      | Killed Menkaure
  5313 | D:6      | Reached skill level 6 in Throwing
  5439 | D:6      | Reached XP level 9. HP: 42/72 MP: 5/8
  5549 | D:6      | Reached *** piety under Okawaru
  5702 | D:6      | Reached skill level 7 in Throwing
  5741 | D:6      | Found a white marble altar of Elyvilon.
  5856 | D:6      | Noticed Duvessa
  5858 | D:6      | Noticed Dowan
  5860 | D:6      | Killed Duvessa
  5861 | D:6      | Killed Dowan
  5870 | D:6      | Found Evvissuo's Distillery.
  5975 | D:6      | Found a sparkling altar of Nemelex Xobeh.
  6040 | D:7      | Identified the ring of Psychosis {rC- rN+ Will++ Slay+3
                  | SInv}
  6209 | D:7      | Noticed Pikel
  6214 | D:7      | Killed Pikel
  6214 | D:7      | Reached **** piety under Okawaru
  6215 | D:7      | Reached skill level 8 in Throwing
  6429 | D:7      | Found an opulent altar of Gozag.
  6431 | D:7      | Identified a scroll of acquirement
  6431 | D:7      | Acquired a +2 tower shield of protection
  6955 | D:8      | Reached XP level 10. HP: 85/87 MP: 9/9
  7024 | D:8      | Reached skill level 9 in Throwing
  7166 | D:8      | Received a gift from Okawaru
  7546 | D:8      | Found a blossoming altar of Fedhas.
  7546 | D:8      | Found a shimmering blue altar of Sif Muna.
  7912 | D:9      | Noticed freelancePsychic's ghost (journeyman MfTm)
  8010 | D:9      | Received a gift from Okawaru
  8017 | D:9      | Noticed Grum
  8020 | D:9      | Killed Grum
  8021 | D:9      | Reached skill level 10 in Throwing
  8105 | D:9      | Noticed a cyclops
  8113 | D:9      | Killed a cyclops
  8117 | D:9      | Reached skill level 5 in Fighting
  8209 | D:9      | Found a runed translucent door.
  8228 | D:9      | Found Kyos's Weapon Shoppe.
  8253 | D:9      | Found a radiant altar of Vehumet.
  8263 | D:9      | Reached ***** piety under Okawaru
  8434 | D:9      | Received a gift from Okawaru
  8623 | D:10     | Entered Level 10 of the Dungeon
  9014 | D:10     | Noticed Sonja
  9017 | D:10     | Killed Sonja
  9075 | D:10     | Noticed a two-headed ogre
  9078 | D:10     | Reached XP level 11. HP: 80/109 MP: 7/10
  9097 | D:10     | Killed a two-headed ogre
  9097 | D:10     | Received a gift from Okawaru
  9221 | D:10     | Received a gift from Okawaru
  9541 | D:11     | Reached skill level 1 in Invocations
  9587 | D:11     | Received a gift from Okawaru
  9594 | D:11     | Identified the +4 glaive of the Realm of Zot {freeze, Int+4
                  | Dex+4 Stlth+} (Okawaru gifted it to you on level 11 of the
                  | Dungeon)
  9594 | D:11     | Received a gift from Okawaru
  9674 | D:11     | Found a staircase to the Lair.
  9896 | D:11     | Noticed a deep elf pyromancer
  9908 | D:11     | Killed a deep elf pyromancer
 10015 | D:11     | Noticed Josephine
 10019 | D:11     | Killed Josephine
 10026 | D:11     | Reached skill level 11 in Throwing
 10054 | Lair:1   | Entered Level 1 of the Lair of Beasts
 10087 | D:11     | Reached skill level 5 in Invocations
 10331 | Lair:1   | Received a gift from Okawaru
 10332 | Lair:1   | Reached XP level 12. HP: 110/119 MP: 14/14
 10411 | Lair:1   | Received a gift from Okawaru
 10413 | Lair:1   | Reached skill level 12 in Throwing
 10756 | Lair:1   | Received a gift from Okawaru
 11395 | Lair:2   | Noticed an eight-headed hydra
 11402 | Lair:2   | Killed an eight-headed hydra
 11402 | Lair:2   | Received a gift from Okawaru
 11553 | Lair:2   | Noticed a seven-headed hydra
 11561 | Lair:2   | Killed a seven-headed hydra
 11562 | Lair:2   | Reached skill level 13 in Throwing
 12270 | Lair:3   | Reached skill level 5 in Dodging
 12283 | Lair:3   | Found a staircase to the Snake Pit.
 12407 | Lair:3   | Noticed a seven-headed hydra
 12411 | Lair:3   | Killed a seven-headed hydra
 12456 | Lair:3   | You fall into a shaft and drop 1 floor!
 12459 | Lair:4   | Reached ****** piety under Okawaru
 12483 | Lair:4   | You fall into a shaft and drop 2 floors!
 12483 | Lair:6   | Entered Level 6 of the Lair of Beasts
 12529 | Lair:6   | Reached XP level 13. HP: 79/127 MP: 15/15
 12591 | Lair:4   | Found a dark tunnel.
 12596 | Volcano  | Entered a volcano
 12941 | Volcano  | Found a burning altar of Makhleb.
 12953 | Volcano  | Identified the +2 robe of Mysticism {Int+2} (Okawaru gifted
                  | it to you in a volcano)
 12953 | Volcano  | Received a gift from Okawaru
 13397 | Lair:4   | Reached skill level 14 in Throwing
 13904 | Lair:4   | Found a staircase to the Shoals.
 14875 | Lair:5   | Received a gift from Okawaru
 15022 | Lair:6   | Received a gift from Okawaru
 15029 | Lair:6   | Found a blossoming altar of Fedhas.
 15066 | Lair:6   | Identified the +6 quick blade "Vefasmih" {vamp, rElec rPois
                  | rF+ Stlth-} (Okawaru gifted it to you on level 6 of the
                  | Lair of Beasts)
 15066 | Lair:6   | Received a gift from Okawaru
 15208 | Lair:6   | Reached skill level 15 in Throwing
 15226 | Lair:6   | Reached XP level 14. HP: 136/136 MP: 16/16
 15678 | Lair:6   | Found a staircase to the Slime Pits.
 16264 | Lair:3   | Identified the +1 ring mail of Cuheuj {rF+++}
 16626 | D:12     | Reached skill level 10 in Shields
 16773 | D:12     | Found a broken altar of Ashenzari.
 16774 | D:12     | Received a gift from Okawaru
 17327 | D:12     | Found a runed translucent door.
 17330 | D:12     | Noticed a tengu reaver
 17363 | D:12     | Found a staircase to the Orcish Mines.
 17661 | D:12     | Identified the +3 hunting sling "Newt's Peril" {freeze, rC+
                  | rN+ rCorr}
 17876 | D:12     | Killed a tengu reaver
 17877 | D:12     | Reached skill level 10 in Fighting
 17972 | Orc:1    | Entered Level 1 of the Orcish Mines
 18104 | Orc:1    | Found a runed translucent door.
 18111 | Orc:1    | Noticed Kiel's ghost (journeyman DsFi)
 18296 | Orc:2    | Entered Level 2 of the Orcish Mines
 18527 | Orc:2    | Received a gift from Okawaru
 18538 | Orc:2    | Reached XP level 15. HP: 152/152 MP: 17/17
 18542 | Orc:2    | Found Unezenn's Weapon Shoppe.
 18542 | Orc:2    | Found Vunerapt's Book Shop.
 18549 | Orc:2    | Found Eblev's Weapon Shop.
 18549 | Orc:2    | Found Nymeidell's Jewellery Shoppe.
 18864 | Orc:2    | Found a staircase to the Elven Halls.
 18953 | Orc:2    | Found Baosix's Antique Armour Boutique.
 19046 | Orc:2    | Bought the ring of Harmony {rElec rF+++ rC+ rCorr Str-2}
                  | for 718 gold pieces
 19127 | Orc:1    | Found a shimmering altar of Xom.
 19487 | D:2      | Bought the +4 skin of Zhor {*Englaciate rC+++ SInv} for
                  | 1928 gold pieces
 19487 | D:2      | Found the +4 skin of Zhor {*Englaciate rC+++ SInv}
 20076 | D:13     | Found a gate to the Vaults.
 20080 | D:13     | Received a gift from Okawaru
 21258 | D:14     | Found a basalt altar of Yredelemnul.
 21420 | D:15     | Entered Level 15 of the Dungeon
 21568 | D:15     | Found a gate leading to a gauntlet.
 21573 | Gauntlet | Entered a Gauntlet
 21573 | Gauntlet | Found a transporter.
 21573 | Gauntlet | Found a transporter.
 21573 | Gauntlet | Found a transporter.
 21594 | Gauntlet | Found a transporter.
 21596 | Gauntlet | Found a large runed translucent door.
 21597 | Gauntlet | Found a large runed translucent door.
 21598 | Gauntlet | Found a large runed translucent door.
 21598 | Gauntlet | Found a large runed translucent door.
 21598 | Gauntlet | Found a runed translucent door.
 21598 | Gauntlet | Found a runed translucent door.
 21599 | Gauntlet | Found a large runed translucent door.
 21600 | Gauntlet | Found a large runed translucent door.
 21601 | Gauntlet | Found a large runed translucent door.
 21601 | Gauntlet | Found a large runed translucent door.
 21602 | Gauntlet | Found a runed translucent gate.
 21602 | Gauntlet | Found a runed translucent gate.
 21602 | Gauntlet | Found a runed translucent gate.
 21604 | Gauntlet | Found a transporter.
 21607 | Gauntlet | Found a transporter.
 21617 | Gauntlet | Found a transporter.
 21636 | Gauntlet | Found a transporter.
 21650 | Gauntlet | Found a transporter.
 21653 | Gauntlet | Found a transporter.
 21664 | Gauntlet | Found a transporter.
 21664 | Gauntlet | Found a transporter.
 21691 | Gauntlet | Found a large runed translucent door.
 21692 | Gauntlet | Found a large runed translucent door.
 21693 | Gauntlet | Found a large runed translucent door.
 21693 | Gauntlet | Found a large runed translucent door.
 21694 | Gauntlet | Found a large runed translucent door.
 21695 | Gauntlet | Found a large runed translucent door.
 21696 | Gauntlet | Found a large runed translucent door.
 21696 | Gauntlet | Found a large runed translucent door.
 21830 | Gauntlet | Acquired 1138 gold pieces
 21932 | Gauntlet | Received a gift from Okawaru
 21945 | Gauntlet | Identified the +2 dagger of Winter {chaos, Str+6}
 21998 | D:15     | Found Geyniarph's Antique Armour Shoppe.
 22318 | D:15     | Reached skill level 16 in Throwing
 22321 | D:15     | Found a staircase to the Depths.
 22374 | D:15     | Received a gift from Okawaru
 23175 | Snake:1  | Entered Level 1 of the Snake Pit
 23196 | Snake:1  | Identified the +6 giant spiked club "Gyrem" {vorpal, Dex+4}
                  | (Okawaru gifted it to you on level 1 of the Snake Pit)
 23196 | Snake:1  | Received a gift from Okawaru
 23226 | Snake:1  | Reached XP level 16. HP: 162/162 MP: 18/18
 23309 | Snake:1  | Noticed Aizul
 23316 | Snake:1  | Killed Aizul
 24349 | Snake:2  | Received a gift from Okawaru
 24789 | Snake:2  | Acquired the amulet "Eladoh" {Faith rElec Str+2 Dex+2}
 24820 | Snake:3  | Received a gift from Okawaru
 24857 | Snake:3  | Identified the +4 rapier "Kiweuffu" {speed, Int+2 Dex+2}
 24951 | Snake:3  | Identified the +0 pair of boots of Inference {Dex+6}
 25158 | Snake:3  | Reached skill level 15 in Shields
 25451 | Snake:4  | Entered Level 4 of the Snake Pit
 25772 | Snake:4  | Received a gift from Okawaru
 25861 | Snake:4  | Identified the +1 hand axe of Conflict {vamp, *Noise rCorr
                  | Str+4 Int+2}
 25915 | Snake:4  | Reached XP level 17. HP: 170/170 MP: 14/19
 26454 | Snake:4  | Received a gift from Okawaru
 26836 | Snake:4  | Reached skill level 17 in Throwing
 27475 | Snake:4  | Received a gift from Okawaru
 27712 | Snake:4  | Got a serpentine rune of Zot
 27967 | Shoals:1 | Entered Level 1 of the Shoals
 27984 | Shoals:1 | Received a gift from Okawaru
 28233 | Shoals:1 | Received a gift from Okawaru
 28446 | Shoals:1 | Received a gift from Okawaru
 28703 | Shoals:1 | Received a gift from Okawaru
 28994 | Shoals:2 | Reached skill level 10 in Unarmed Combat
 29261 | Shoals:2 | Received a gift from Okawaru
 29355 | Shoals:2 | Reached XP level 18. HP: 182/182 MP: 20/20
 30068 | Shoals:3 | Received a gift from Okawaru
 30550 | Shoals:4 | Entered Level 4 of the Shoals
 30712 | Shoals:4 | Received a gift from Okawaru
 30735 | Shoals:4 | Got a barnacled rune of Zot
 30752 | Shoals:4 | Reached skill level 10 in Dodging
 31296 | Shoals:4 | HP: 3/185 [merfolk impaler/+5 demon trident of flaming
                  | (26)]
 31297 | Shoals:4 | Mangled by a merfolk

Illustrated notes

Levels and vault maps discovered:
D:1:      ebering_trefoil_3fold, layout_loops_corners,
          shapermc_ecumenical_altar_mp_vishouse, minmay_octomino_c4
D:2:      layout_loops_cross, serial_shops, shop, uniq_natasha
D:3:      layout_rooms, amcnicky_altar_gilded, uniq_ijyb,
          uniq_crazy_yiuf_cottage, uniq_grinder
D:4:      layout_basic, lemuel_round_altar, marbit_many_paths,
          minmay_temple_entry_statues_fountains
D:5:      layout_loops_ring, nicolae_uskayaw_murder_on_the_dancefloor,
          cheibrodos_sewer_entry_bend, chequers_serial_rivers_micro_b,
          uniq_edmund
D:6:      layout_rooms, elyvilon_altar_1, nemelex_xobeh_ov_fountains_minmay,
          serial_shops, shop, uniq_menkaure, uniq_duvessa
D:7:      layout_cave_pools, kennysheep_mini, minmay_mini_ossuary, uniq_pikel
D:8:      layout_loops_corners, gammafunk_temple_overflow_elements,
          serial_rivers, chequers_serial_rivers_micro_a,
          chequers_serial_rivers_large_b, chequers_serial_rivers_micro_a,
          chequers_serial_rivers_small_a, chequers_serial_rivers_micro_b
D:9:      layout_rooms, kennysheep_mini_moat, hellmonk_ghost_happy_afterlife,
          serial_shops, shop, corner_web_ring, uniq_grum
D:10:     layout_loops_ring, minmay_starry_boxes, uniq_sonja
D:11:     layout_roguey, erik_lair_orcish_takeover, uniq_josephine
D:12:     minmay_inside_and_out, layout_loops_corners, erik_orc_1,
          kennysheep_diamond, chequers_serial_rivers_room_a, minivault_20,
          minivault_13
D:13:     layout_long_grid, david_vaults_1
D:14:     layout_loops_cross, palyth_stone_intersect,
          yredelemnul_forgotten_temple_becter
D:15:     grunt_enter_depths_hoard, layout_loops_ring, minivault_26,
          gauntlet_entry_generic, serial_shops, nicolae_shop_overgrown_old_shop
Temple:   minmay_temple_bridge_abc
Lair:1:   layout_cave_pods, chequers_serial_rivers_micro_e,
          chequers_serial_rivers_small_b, wad_woods_road_04, grunt_megastairs_5
Lair:2:   layout_chaotic_city, serial_bayou_shore_a, infiniplex_staircase_pool_2
Lair:3:   layout_big_grid, minmay_snake_entry_guardpost_small, minivault_26,
          serial_bayou_pond_e, chequers_serial_rivers_micro_e
Lair:4:   layout_misc_corridors, elwin_shoals_entry_rooms,
          nicolae_volcano_entry_two_sided
Lair:5:   layout_cave_shapes, beast_lair_carwin_4
Lair:6:   minmay_lair_end_frog_pond, layout_gridlike,
          nicolae_slime_entry_slimehenge, basic_altar
Shoals:1: layout_shoals, nicolae_shoals_siren_and_animal_friends
Shoals:2: layout_shoals, argonaut_gorgonesque
Shoals:3: layout_shoals
Shoals:4: shoals_end_grunt_ice, layout_shoals, hangedman_shoal_volcano
Snake:1:  layout_onion, serial_bayou, serial_bayou_lake_a, serial_bayou_pond_e,
          serial_bayou_lagoon_a, serial_bayou_pond_e, drop_trap, uniq_aizul
Snake:2:  layout_misc_corridors
Snake:3:  layout_misc_corridors
Snake:4:  snake_pit, layout_grid_shapes, drop_trap, serial_bayou_shore_b,
          grunt_megastairs_2
Orc:1:    layout_diamond_mine, basic_altar, ebering_ghost_reflecting_pool
Orc:2:    grunt_orc_tribal_feast, layout_caves, serial_shops, nicolae_shop_stone

Skill      XL: |  1  2  3  4  5  6  7  8  9 10 11 12 13 14 15 16 17 18 |
---------------+-------------------------------------------------------+-----
Unarmed Combat | 3 4 5 10 | 10.0
Shields        | 3 4 6 7 9 11 13 15 | 15.0
Throwing       | 3 6 8 10 11 13 15 16 17 | 17.8
Fighting       | 7 8 10 11 12 13 | 13.0
Invocations    | 5 |  5.0
Dodging        | 5 7 8 9 10 | 10.3

Action                   |  1- 3 |  4- 6 |  7- 9 | 10-12 | 13-15 | 16-18 || total
-------------------------+-------+-------+-------+-------+-------+-------++-------
Melee: Unarmed           |   106 |   134 |   322 |   365 |   783 |   505 ||  2215
       Quick blade       |       |       |       |       |       |    10 ||    10
Throw: Large rock        |       |     6 |    16 |    81 |   275 |   292 ||   670
       Javelin           |       |       |    26 |    85 |    83 |   236 ||   430
       Dart              |       |       |     4 |     9 |    14 |    18 ||    45
       Boomerang         |       |       |       |       |   166 |   441 ||   607
       Throwing net      |       |       |       |       |       |     1 ||     1
Invok: Heroism           |       |       |     3 |    14 |    25 |    30 ||    72
       Finesse           |       |       |       |       |     2 |     8 ||    10
Evoke: Wand              |       |       |       |       |     8 |     9 ||    17
  Use: Scroll            |     2 |     5 |     7 |     7 |     6 |    11 ||    38
       Potion            |       |       |       |       |       |     9 ||     9
 Stab: Sleeping          |       |     1 |     2 |       |       |       ||     3
       Distracted        |       |       |       |       |       |     1 ||     1
Armor: Robe              |    34 |    19 |    64 |    96 |     5 |       ||   218
       Steam dragon scal |       |       |       |       |   124 |       ||   124
       Animal skin       |       |       |       |       |    50 |   102 ||   152
Dodge: Dodged            |    26 |    39 |    82 |   116 |   229 |   181 ||   673
Block: Kite shield       |    61 |    42 |   122 |       |       |       ||   225
       Tower shield      |       |       |    19 |   582 |  1215 |  1031 ||  2847

Table legend: (Time is in decaauts)
 A = Elapsed time spent in this place.
 B = Non-inter-level travel time spent in this place.
 C = Inter-level travel time spent in this place.
 D = Time resting spent in this place.
 E = Time spent auto-exploring this place.
 F = Levels seen in this place.
 G = Mean time per level.
                   A        B        C        D        E       F      G
               +--------+--------+--------+--------+--------+-----+--------+
         Total |  31613 |  29221 |   2392 |   1186 |  20492 |  35 |  903.2 |
       Dungeon |  14788 |  13356 |   1432 |     25 |  10511 |  15 |  985.9 |
        Temple |     49 |     29 |     20 |      0 |     21 |   1 |   49.0 |
          Lair |   6290 |   5854 |    436 |    156 |   4412 |   6 | 1048.3 |
        Shoals |   3320 |   3208 |    112 |    306 |   1781 |   4 |  830.0 |
     Snake Pit |   4564 |   4378 |    186 |    686 |   2468 |   4 | 1141.0 |
  Orcish Mines |   1325 |   1120 |    205 |      0 |    800 |   2 |  662.5 |
         Sewer |    318 |    318 |      0 |      0 |    125 |   1 |  318.0 |
       Volcano |    595 |    595 |      0 |      0 |    322 |   1 |  595.0 |
      Gauntlet |    360 |    360 |      0 |     13 |     51 |   1 |  360.0 |
               +--------+--------+--------+--------+--------+-----+--------+

Top non-repeatable levels by time:
     D:1: 2063 daAuts
    D:12: 1528 daAuts
 Snake:3: 1506 daAuts
     D:8: 1314 daAuts
 Snake:4: 1307 daAuts
  Lair:6: 1243 daAuts
  Lair:4: 1156 daAuts
  Lair:1: 1146 daAuts
 Snake:1: 1107 daAuts
Shoals:2: 1044 daAuts
    D:14: 1034 daAuts
  Lair:2: 1004 daAuts
    D:10: 956 daAuts
     D:5: 939 daAuts
  Lair:5: 933 daAuts
